 Dungeon Crawl Stone Soup version 0.31-a0-358-gac0dbeb3ab (webtiles) character file.

Game seed: 3446159534956313344

163 AdnanSaban the Covered (level 5, 0/33 HPs)
             Began as a Gargoyle Fighter on July 26, 2023.
             Slain by an orc
             ... wielding a +0 trident
              (4 damage)
             ... on level 3 of the Dungeon.
             The game lasted 00:01:42 (2054 turns).

AdnanSaban the Covered (Gargoyle Fighter)           Turns: 2054, Time: 00:01:42

Health: 0/33       AC: 12    Str: 21    XL:     5   Next: 44%
Magic:  5/5        EV:  9    Int:  9    God:
Gold:   129        SH:  4    Dex:  9    Spells: 4/4 levels left

rFire   . . .        a - +0 flail
rCold   . . .        c - +0 buckler
rNeg    + . .        b - +0 scale mail
rPois   ∞            (no helmet)
rElec   +            (no cloak)
rCorr   .            (no gloves)
SInv    .            g - +0 pair of boots
Will    .....        (no amulet) Stlth
                     (no ring)
HPRegen 0.25/turn    (no ring)
MPRegen 0.09/turn

%: no passive effects
@: no status effects
A: sickness immunity, AC +4, negative energy resistance 1, electricity
resistance, torment resistance 1, petrification resistance
a: no special abilities


You were on level 3 of the Dungeon.
You visited 1 branch of the dungeon, and saw 3 of its levels.

You collected 129 gold pieces.

Inventory:

Hand Weapons
 a - a +0 flail (weapon)
Armour
 b - a +0 scale mail (worn)
 c - a +0 buckler (worn)
 g - a +0 pair of boots (worn)
Jewellery
 n - a ring of flight
Scrolls
 f - 2 scrolls of noise {unknown}
 h - a scroll of revelation {unknown}
 j - 4 scrolls of identify {unknown}
 k - a scroll of enchant weapon {unknown}
 l - a scroll of enchant armour {unknown}
 o - a scroll of fear {unknown}
 p - a scroll of amnesia {unknown}
 q - a scroll of acquirement {unknown}
Potions
 d - 2 potions of might
 e - a potion of invisibility {unknown}
 i - a potion of brilliance {unknown}
 m - a potion of heal wounds {unknown}


   Skills:
 + Level 3.9 Fighting
 + Level 3.3 Maces & Flails
 + Level 4.5 Armour
 + Level 1.1 Dodging
 + Level 3.8 Shields


You had 4 spell levels left.
You didn't know any spells.
Your spell library was empty.

Dungeon Overview and Level Annotations

Branches:
Dungeon (3/15)

Altars:
Trog


Innate Abilities, Weirdness & Mutations

You are immune to sickness and miasma.
Your stone body is resilient. (AC +4)
You are immune to poison.
You resist negative energy. (rN+)
You are resistant to electric shocks. (rElec)
You are resistant to unholy torment.
You are immune to petrification.


Message History

You barely miss something.
The orc hits you from afar with a +0 trident.
You block something's attack.
You miss something.
The orc hits you from afar with a +0 trident.
* * * LOW HITPOINT WARNING * * *
Something hits you but does no damage. Something hits you.
* * * LOW HITPOINT WARNING * * *
The orc closely misses you.
You thump something! The orc barely misses you.
Something hits you but does no damage.
You miss something. You block the orc's attack.
Something hits you but does no damage.
You hit something. The orc hits you but does no damage.
You hear some strange, mumbled words.
You are confused.
You bump into the rock wall.
The orc closely misses you. Something hits you.
* * * LOW HITPOINT WARNING * * *
You bump into the rock wall.
The orc hits you but does no damage. Something hits you but does no damage.
You bump into the rock wall.
The orc hits you but does no damage. Something hits you.
* * * LOW HITPOINT WARNING * * *
Something hits you.
* * * LOW HITPOINT WARNING * * *
You bump into the rock wall.
Something hits you but does no damage.
You miss something. The orc hits you but does no damage.
You hear some strange, mumbled words.
Something tries to affect you, but you resist.
Something hits you but does no damage. The orc closely misses you.
You miss something.
You feel less confused. The orc barely misses you.
Something hits you but does no damage.
You miss something.
The orc hits you from afar with a +0 trident.
* * * LOW HITPOINT WARNING * * *
Something hits you but does no damage.
You miss something.
The orc hits you from afar with a +0 trident.
You die...

#.# #... #..
#.# #.......
#.# ##..# #.#
#.#
#.#############
#.............#
#############.#
#@#... #.#....
#o#.._. #.#....
#.#.#.# #.#.#.#
#.#.#o# #.#)#)#
# #..#.)# .


You could see an orc.

Vanquished Creatures
  An orc priest (D:3)
  4 gnolls (D:2)
  3 adders
  A worm (D:2)
  3 orcs (D:3)
  10 ball pythons
  5 endoplasms
  3 giant cockroaches
  5 hobgoblins
  4 quokkas (D:1)
  10 bats
  A frilled lizard (D:2)
  3 goblins
  5 kobolds
  3 rats
61 creatures vanquished.

Notes
Turn   | Place    | Note
-------+----------+-------------------------------------------
     0 | D:1      | AdnanSaban the Gargoyle Fighter began the quest for the
                  | Orb.
     0 | D:1      | Reached XP level 1. HP: 14/14 MP: 1/1
    77 | D:1      | Reached XP level 2. HP: 17/19 MP: 2/2
   441 | D:1      | Reached XP level 3. HP: 23/23 MP: 3/3
   500 | D:1      | Found a faded altar of an unknown god.
   902 | D:2      | Reached skill level 4 in Armour
   964 | D:2      | Reached XP level 4. HP: 29/29 MP: 4/4
  1713 | D:3      | Identified the +2 robe "Doidig" {rF+}
  1765 | D:3      | Reached skill level 1 in Dodging
  1765 | D:3      | Reached XP level 5. HP: 33/33 MP: 5/5
  1929 | D:3      | Found a bloodstained altar of Trog.
  2054 | D:3      | Slain by an orc

Illustrated notes

Levels and vault maps discovered:
D:1:      dpeg_arrival_tiny_c, layout_loops_ring,
          nicolae_ecumenical_snake_handling, minmay_curled_crystal
D:2:      layout_loops_ring, minmay_pentomino_v2
D:3:      layout_loops_ring, bloody_trog, grunt_decor_fettered

Skill      XL: |  1  2  3  4 |
---------------+-------------+-----
Armour         | 4 |  4.5
Maces & Flails | 3 |  3.3
Dodging        | 1 |  1.1
Fighting       | |  3.9
Shields        | |  3.8

Action                     |  1- 3 |  4- 6 || total
---------------------------+-------+-------++-------
  Melee: Flail             |   130 |   134 ||   264
 Armour: Scale mail        |    84 |    89 ||   173
  Dodge: Dodged            |    81 |    48 ||   129
  Block: Buckler           |    37 |    27 ||    64

Table legend: (Time is in decaauts)
 A = Elapsed time spent in this place.
 B = Non-inter-level travel time spent in this place.
 C = Inter-level travel time spent in this place.
 D = Time resting spent in this place.
 E = Time spent auto-exploring this place.
 F = Levels seen in this place.
 G = Mean time per level.
                   A        B        C        D        E       F      G
               +--------+--------+--------+--------+--------+-----+--------+
         Total |   2133 |   2079 |     54 |     72 |   1485 |   3 |  711.0 |
       Dungeon |   2133 |   2079 |     54 |     72 |   1485 |   3 |  711.0 |
               +--------+--------+--------+--------+--------+-----+--------+

Top non-repeatable levels by time:
     D:2: 936 daAuts
     D:1: 908 daAuts
     D:3: 289 daAuts
